 Dungeon Crawl Stone Soup version 0.23.2-32-g37ab1d4649 (webtiles) character file.

Game seed: 9233894138907635639

109 FABLE the Skirmisher (level 4, -1/37 HPs)
             Began as a Demonspawn Berserker on June 26, 2019.
             Was a Believer of Trog.
             Killed by divine providence
             ... invoked by an orc priest
              (16 damage)
             ... on level 3 of the Dungeon.
             The game lasted 00:12:17 (2167 turns).

FABLE the Skirmisher (Demonspawn Berserker)         Turns: 2167, Time: 00:12:18

Health: -1/37      AC:  7    Str: 18    XL:     4   Next: 60%
Magic:  4/4        EV: 10    Int:  9    God:    Trog [**....]
Gold:   141        SH:  0    Dex: 12    Spells: 3/3 levels left

rFire    . . .     SeeInvis .   i - +2 dagger (speed) {i}
rCold    . . .     Gourm    .   (no shield)
rNeg     . . .     Faith    .   n - +0 scale mail
rPois    .         Spirit   .   (no helmet)
rElec    .         Reflect  .   (no cloak)
rCorr    .         Harm     +   (no gloves)
MR       ++...                  m - +0 pair of boots
Stlth    ..........             k - amulet of harm
HPRegen  1.12/turn              (no ring)
MPRegen  0.09/turn              (no ring)

@: regenerating
A: claws 1, talons 2
a: Berserk, Trog's Hand, Renounce Religion


You were on level 3 of the Dungeon.
You worshipped Trog.
Trog was pleased with you.
You were hungry.

You visited 1 branch of the dungeon, and saw 3 of its levels.

You collected 141 gold pieces.

Inventory:

Hand Weapons
 a - a +0 hand axe
 i - a +2 dagger of speed (weapon) {i}
 s - a +1 short sword of speed
Missiles
 o - 8 bolts
Armour
 b - a +0 animal skin
 m - a +0 pair of boots (worn)
 n - a +0 scale mail (worn)
Jewellery
 k - an amulet of harm (around neck)
Scrolls
 g - a scroll of blinking
 h - 4 scrolls of remove curse
 j - 2 scrolls of identify
 p - a scroll of fear
 q - a scroll of enchant weapon
 r - a scroll of teleportation
Potions
 e - a potion of might {unknown}
 f - a potion of cancellation {unknown}
Comestibles
 c - 5 rations


   Skills:
 + Level 4.0 Fighting
 + Level 1.2 Short Blades
 + Level 3.2 Axes
 + Level 0.2 Throwing
 + Level 2.2 Armour
 + Level 2.2 Dodging
 + Level 0.2 Stealth


You had 3 spell levels left.
You didn't know any spells.
Your spell library was empty.

Dungeon Overview and Level Annotations

Branches:
Dungeon (3/15)

Altars:


Innate Abilities, Weirdness & Mutations

You have sharp fingernails.
You have razor-sharp toenails.


Message History

The orc priest mumbles some strange prayers to Beogh against you.
Beogh smites you!
Found an escape hatch in the floor.
You see here a +0 club.
You hit the orc priest but do no damage.
The orc priest hits you but does no damage.
Your skin crawls.
You feel resistant to hostile enchantments.
You are feeling hungry.
The orc priest hits you with a +0 mace.
You hit the orc priest.
The orc priest is lightly wounded.
You closely miss the orc priest.
The orc priest is lightly wounded.
The orc priest hits you but does no damage.
As you read the scroll of fog, it crumbles to dust.
The scroll dissolves into smoke.
The orc priest calls down the wrath of Beogh upon you.
Beogh smites you!
You die...

#.#######.......#.#.#
#...............#.#.######
#########.......#.........
#...........######
######.###### #.# #§# #§#
#@# #..§§o# #.###§# #)#
#(. ... ..# #>.


You could see an orc priest.

Vanquished Creatures
  A gnoll (D:1)
  5 adders
  2 worms
  A leopard gecko (D:2)
  3 orcs (D:3)
  A giant cockroach (D:1)
  9 goblins
  7 hobgoblins
  3 quokkas (D:2)
  5 bats
  3 kobolds
  5 rats
45 creatures vanquished.

Notes
Turn   | Place    | Note
-------+----------+-------------------------------------------
     0 | D:1      | FABLE the Demonspawn Berserker began the quest for the Orb.
     0 | D:1      | Reached XP level 1. HP: 18/18 MP: 1/1
   174 | D:1      | Gained mutation: You have sharp toenails. [demonic
                  | ancestry]
   174 | D:1      | Reached XP level 2. HP: 6/24 MP: 2/2
   716 | D:2      | Gained mutation: You have razor-sharp toenails. [demonic
                  | ancestry]
   716 | D:2      | Reached XP level 3. HP: 29/29 MP: 3/3
   834 | D:2      | Reached ** piety under Trog
  1109 | D:2      | Gained mutation: You have sharp fingernails. [demonic
                  | ancestry]
  1109 | D:2      | Reached XP level 4. HP: 30/37 MP: 4/4
  1259 | D:2      | Reached skill level 4 in Fighting
  1259 | D:2      | Reached skill level 1 in Short Blades
  2167 | D:3      | Killed from afar by an orc priest

Skill      XL: |  1  2  3  4 |
---------------+-------------+-----
Axes           | 3 |  3.2
Armour         | 2 |  2.2
Fighting       | 4 |  4.0
Short Blades   | 1 |  1.2
Dodging        | 2 |  2.2
Throwing       | |  0.2
Stealth        | |  0.2

Action                   |  1- 3 |  4- 6 || total
-------------------------+-------+-------++-------
Melee: Hand axe          |    24 |       ||    24
       Dagger            |    87 |    83 ||   170
       Kick              |     2 |       ||     2
Throw: Javelin           |     6 |     4 ||    10
Invok: Berserk           |     1 |       ||     1
       Trog's Hand       |       |     1 ||     1
  Use: Potion            |     2 |       ||     2
       Scroll            |       |     7 ||     7
 Stab: Sleeping          |     1 |       ||     1
  Eat: Chunk             |     1 |       ||     1
       Ration            |       |     1 ||     1
Armor: Animal skin       |     6 |       ||     6
       Scale mail        |    13 |    45 ||    58
Dodge: Dodged            |    54 |    44 ||    98
